[Event "9th Beirut Open 2017"]
[Site "Beirut"]
[Date "2017.09.30"]
[Round "1"]
[White "Ibrahim, Hatim"]
[Black "Farhat, Jawad"]
[Result "1-0"]
[ECO "A13"]
[WhiteElo "2331"]
[BlackElo "1592"]
[Annotator "NA"]
[PlyCount "47"]
[EventDate "2017.??.??"]
[EventCountry "LBN"]
[SourceTitle "playchess.com"]
[Source "ChessBase"]
[SourceQuality "1"]
[TimeControl "5400+30"]

1. c4 e6 2. Nf3 d5 3. d4 Nf6 4. g3 Bb4+ 5. Nbd2 Nbd7 6. Qb3 Bxd2+ 7. Bxd2 O-O 8. Bg2 c6 9. O-O Qb6 10. Qc2 dxc4 11. e4 Re8 12. e5 Nd5 13. Ng5 Nf8 14. Qxc4 Qxb2 15. Ne4 Nb6 16. Qd3 Qb5 17. Qe3 Nc4 18. Qg5 Ng6 19. Rfb1 Qa6 20. Nc5 Qa3 21. Rb3 Qxb3 22. Nxb3 h6 23. Qg4 Rd8 24. Bc3 1-0

[Event "9th Beirut Open 2017"]
[Site "Beirut"]
[Date "2017.09.30"]
[Round "1"]
[White "Noah, A  H  Al-Ali"]
[Black "Hanna, Elie"]
[Result "0-1"]
[ECO "A00"]
[WhiteElo "2299"]
[BlackElo "1778"]
[Annotator "NA"]
[PlyCount "41"]
[EventDate "2017.??.??"]
[EventCountry "LBN"]
[SourceTitle "playchess.com"]
[Source "ChessBase"]
[SourceQuality "1"]
[TimeControl "5400+30"]

1. e4 e5 2. Nf3 Nc6 3. d4 exd4 4. Nxd4 Bc5 5. Bc4 Bxd4 6. O-O Nf6 7. Bf4 O-O 8. e5 Bxe5 9. Bxe5 Nxe5 10. Bb3 d5 11. h3 c6 12. c3 Ne4 13. Qe2 Qf6 14. Nd2 Nxd2 15. Qxd2 Bxh3 16. gxh3 Nf3+ 17. Kh1 Nxd2 18. Rg1 Qf3+ 19. Kh2 Qxf2+ 20. Rg2 Nf3+ 21. Kh1 0-1

[Event "9th Beirut Open 2017"]
[Site "Beirut"]
[Date "2017.09.30"]
[Round "1"]
[White "Tseitlin, Mark D"]
[Black "Ghassan, Houmsi"]
[Result "0-1"]
[ECO "A00"]
[WhiteElo "2276"]
[BlackElo "1841"]
[Annotator "NA"]
[PlyCount "118"]
[EventDate "2017.??.??"]
[EventCountry "LBN"]
[SourceTitle "playchess.com"]
[Source "ChessBase"]
[SourceQuality "1"]
[TimeControl "5400+30"]

1. c4 e5 2. g3 Nf6 3. Nc3 Nc6 4. Bg2 Bc5 5. e3 O-O 6. Nge2 d6 7. h3 Bf5 8. e4 Bg6 9. O-O Nd4 10. d3 c6 11. Be3 Nd7 12. Na4 f5 13. Nxc5 dxc5 14. Nxd4 cxd4 15. Bc1 f4 16. g4 Qh4 17. f3 Nc5 18. b4 Ne6 19. Qe1 Qxe1 20. Rxe1 h5 21. a4 hxg4 22. hxg4 Kf7 23. Kf2 Rh8 24. Ba3 Rh2 25. Rh1 Rah8 26. Rxh2 Rxh2 27. Rh1 Rxh1 28. Bxh1 Kf6 29. Bg2 Be8 30. Bf1 b5 31. axb5 cxb5 32. c5 Nd8 33. Ke1 Nc6 34. Kd2 Bf7 35. Be2 Bb3 36. Ke1 g6 37. Kf2 Bc2 38. Kg2 a5 39. bxa5 Nxa5 40. Kh3 g5 41. Kg2 Nc6 42. Kf2 b4 43. Bb2 Ke6 44. Ke1 Kd7 45. Kd2 Ba4 46. Bd1 Bxd1 47. Kxd1 Na5 48. Kc2 Kc6 49. Kd1 Kxc5 50. Kc2 Kb5 51. Kb1 Nb3 52. Kc2 Ka4 53. Kd1 Na5 54. Kc2 Nc6 55. Bc1 Ne7 56. Bd2 Ka3 57. Kb1 Kb3 58. Be1 Ng6 59. Kc1 Nh4 0-1

[Event "9th Beirut Open 2017"]
[Site "Beirut"]
[Date "2017.09.30"]
[Round "1"]
[White "Khairallah, Faisal"]
[Black "Khoder, Akram"]
[Result "1-0"]
[ECO "A00"]
[WhiteElo "2274"]
[BlackElo "1547"]
[Annotator "NA"]
[PlyCount "69"]
[EventDate "2017.??.??"]
[EventCountry "LBN"]
[SourceTitle "playchess.com"]
[Source "ChessBase"]
[SourceQuality "1"]
[TimeControl "5400+30"]

1. c4 Nf6 2. Nc3 d5 3. cxd5 Nxd5 4. Nf3 Nc6 5. d4 Bg4 6. e4 Ndb4 7. a3 Nxd4 8. axb4 Nxf3+ 9. gxf3 Qxd1+ 10. Nxd1 Bxf3 11. Rg1 e6 12. Nc3 Bd6 13. Rxg7 h6 14. Be2 Be5 15. Rg3 Bxe2 16. Kxe2 Bxg3 17. hxg3 c6 18. Be3 b6 19. Bxb6 a6 20. Bd4 Rg8 21. Be3 Rg6 22. Na4 f5 23. Nb6 Ra7 24. Nc4 Ra8 25. Ne5 Rf6 26. Nxc6 Kd7 27. b5 Rff8 28. Ne5+ Kc7 29. bxa6 Rfb8 30. Nc4 Rb4 31. Kd3 h5 32. Kc3 Rbb8 33. exf5 exf5 34. b4 Kc6 35. a7 1-0

[Event "9th Beirut Open 2017"]
[Site "Beirut"]
[Date "2017.09.30"]
[Round "1"]
[White "Mohannad, Farhan"]
[Black "Khallouf, Abdallah"]
[Result "1-0"]
[ECO "A00"]
[WhiteElo "2243"]
[BlackElo "1530"]
[Annotator "NA"]
[PlyCount "121"]
[EventDate "2017.??.??"]
[EventCountry "LBN"]
[SourceTitle "playchess.com"]
[Source "ChessBase"]
[SourceQuality "1"]
[TimeControl "5400+30"]

1. d4 d5 2. c4 c6 3. e3 Nf6 4. Nc3 Bf5 5. cxd5 cxd5 6. Qb3 Qb6 7. Nxd5 Qxb3 8. Nxf6+ exf6 9. axb3 Bd6 10. Bb5+ Nd7 11. Nf3 a6 12. O-O Rc8 13. Bc4 Nb6 14. Nd2 Bb4 15. e4 Nxc4 16. bxc4 Bg6 17. c5 O-O 18. f3 Bxd2 19. Bxd2 Rfd8 20. Bc3 f5 21. Rae1 fxe4 22. fxe4 b6 23. cxb6 Rb8 24. d5 Re8 25. e5 Rxb6 26. d6 Rb7 27. Rd1 Be4 28. Rf4 Bc6 29. Rc4 Bd7 30. Rc7 Reb8 31. Rc4 h6 32. Ra1 Kh7 33. Rf4 Bb5 34. Rd1 Rd7 35. Rd2 Re8 36. h3 Re6 37. Kh2 Re8 38. Rg4 Re6 39. Bd4 Rg6 40. Rf4 Re6 41. Rc2 Re8 42. Rg4 g6 43. Rf4 Kg8 44. g4 Kf8 45. Rf6 Kg8 46. h4 Kh7 47. h5 g5 48. b3 Re6 49. Rff2 Re8 50. Rc3 Kg8 51. Rf6 Re6 52. Rc8+ Kh7 53. Rf2 Rb7 54. Rc7 Rxc7 55. dxc7 Rc6 56. Rxf7+ Kg8 57. e6 Rc2+ 58. Kg3 Bd3 59. Rg7+ Kf8 60. e7+ Ke8 61. Rg8+ 1-0

[Event "9th Beirut Open 2017"]
[Site "Beirut"]
[Date "2017.09.30"]
[Round "1"]
[White "Wafa, Shahenda"]
[Black "El Saleh, Riham"]
[Result "1/2-1/2"]
[ECO "A00"]
[WhiteElo "2150"]
[BlackElo "1466"]
[Annotator "NA"]
[PlyCount "156"]
[EventDate "2017.??.??"]
[EventCountry "LBN"]
[SourceTitle "playchess.com"]
[Source "ChessBase"]
[SourceQuality "1"]
[TimeControl "5400+30"]

1. e4 c5 2. Nf3 Nc6 3. d4 cxd4 4. Nxd4 g6 5. Nc3 Bg7 6. Be3 Nf6 7. Bc4 O-O 8. Bb3 e6 9. f4 d5 10. e5 Nd7 11. Qd2 a6 12. O-O Qe7 13. Nce2 Re8 14. Rad1 Nc5 15. Nxc6 bxc6 16. Qa5 Bf8 17. Nd4 Bb7 18. Nf3 Rac8 19. f5 Nxb3 20. axb3 Qb4 21. Qxb4 Bxb4 22. c3 Bf8 23. f6 c5 24. h4 h5 25. Kh2 Kh7 26. Ng5+ Kg8 27. Kh3 Bh6 28. g4 Bxg5 29. hxg5 Kh7 30. Kh4 hxg4 31. Kxg4 Rh8 32. Rh1+ Kg8 33. Rxh8+ Kxh8 34. Ra1 c4 35. b4 Kg8 36. Bc5 Ra8 37. Kf4 Bc6 38. Ke3 Bb5 39. Kd4 Rc8 40. Rh1 Ba4 41. Bd6 Bb5 42. Ke3 Ba4 43. Kd2 Bb5 44. Ra1 Ra8 45. Kc2 Rc8 46. Bc5 Ra8 47. b3 Rc8 48. Ra5 Rc6 49. bxc4 Bxc4 50. Kb2 Bb5 51. Ra1 Rc8 52. Kb3 Rc6 53. Rh1 Rc8 54. Rh4 Ra8 55. Bd6 Rc8 56. Kc2 Ra8 57. Kd2 Rc8 58. Rh1 Ra8 59. Ke3 Rc8 60. Bc5 Ra8 61. Rh2 Rc8 62. Kd4 Ra8 63. Ra2 Rc8 64. Ra5 Ra8 65. Ke3 Rc8 66. Bd4 Kf8 67. Kd2 Ke8 68. Bc5 Kd7 69. Ra1 Rh8 70. Bd4 Rh5 71. Rg1 Bc4 72. Rg3 Rh2+ 73. Ke3 Re2+ 74. Kf3 Rh2 75. Bf2 Kc6 76. Rg1 Rh5 77. Kf4 Rh8 78. Bg3 Rh5 1/2-1/2

[Event "9th Beirut Open 2017"]
[Site "Beirut"]
[Date "2017.09.30"]
[Round "1"]
[White "Ammoun, Hani"]
[Black "Arcadan, Adib"]
[Result "1/2-1/2"]
[ECO "A00"]
[WhiteElo "2109"]
[BlackElo "1346"]
[Annotator "NA"]
[PlyCount "45"]
[EventDate "2017.??.??"]
[EventCountry "LBN"]
[SourceTitle "playchess.com"]
[Source "ChessBase"]
[SourceQuality "1"]
[TimeControl "5400+30"]

1. c4 c6 2. Nc3 Nf6 3. e4 d6 4. g3 g6 5. Bg2 Bg7 6. Nge2 Bg4 7. h3 Be6 8. d3 O-O 9. O-O Na6 10. Be3 Nc7 11. Nf4 c5 12. Qd2 Re8 13. Nxe6 Nxe6 14. f4 Nd7 15. Rf2 Nd4 16. Raf1 Rb8 17. Kh2 e6 18. Ne2 Nxe2 19. Rxe2 f5 20. e5 b6 21. Rd1 Nf8 22. b3 Qe7 23. b4 1/2-1/2

[Event "9th Beirut Open 2017"]
[Site "Beirut"]
[Date "2017.09.30"]
[Round "1"]
[White "Koniahli, Malek"]
[Black "Fakhoury, Dory"]
[Result "1-0"]
[ECO "A00"]
[WhiteElo "2086"]
[BlackElo "1402"]
[Annotator "NA"]
[PlyCount "53"]
[EventDate "2017.??.??"]
[EventCountry "LBN"]
[SourceTitle "playchess.com"]
[Source "ChessBase"]
[SourceQuality "1"]
[TimeControl "5400+30"]

1. e4 c5 2. Nf3 d6 3. d4 cxd4 4. Nxd4 Nf6 5. Nc3 Nc6 6. f3 e6 7. Be3 Be7 8. Qd2 O-O 9. O-O-O a6 10. Kb1 Qc7 11. g4 b5 12. Nxc6 Qxc6 13. Ne2 Bb7 14. Nd4 Qc7 15. g5 Nd7 16. h4 Ne5 17. h5 Rac8 18. g6 Nxf3 19. gxh7+ Kxh7 20. Nxf3 Bxe4 21. Bd3 d5 22. Rdg1 Rfd8 23. Bd4 f6 24. Qg2 Rg8 25. Qg6+ Kh8 26. Ng5 fxg5 27. Qh6+ 1-0

[Event "9th Beirut Open 2017"]
[Site "Beirut"]
[Date "2017.09.30"]
[Round "1"]
[White "Habash, Mohamad"]
[Black "Edelby, Ahmad"]
[Result "1-0"]
[ECO "A00"]
[WhiteElo "1834"]
[BlackElo "1531"]
[Annotator "NA"]
[PlyCount "52"]
[EventDate "2017.??.??"]
[EventCountry "LBN"]
[SourceTitle "playchess.com"]
[Source "ChessBase"]
[SourceQuality "1"]
[TimeControl "5400+30"]

1. Nf3 Nf6 2. g3 e6 3. Bg2 Be7 4. d4 d5 5. c4 c6 6. Nc3 O-O 7. c5 b5 8. O-O Nbd7 9. e3 a5 10. a3 Ba6 11. b4 axb4 12. axb4 Bb7 13. Bb2 Qc7 14. Qc2 e5 15. Nxe5 Nxe5 16. dxe5 Ng4 17. Qf5 Rxa1 18. Rxa1 Bc8 19. Qf4 Nxe5 20. Nxd5 cxd5 21. Bxe5 Qc6 22. Qd4 Bf6 23. Bxd5 Bxe5 24. Bxc6 Bxd4 25. exd4 Bh3 26. d5 f5 1-0

[Event "9th Beirut Open 2017"]
[Site "Beirut"]
[Date "2017.09.30"]
[Round "1"]
[White "Saad, Charbel"]
[Black "Noah, A  H  Al-Ali"]
[Result "1/2-1/2"]
[ECO "A00"]
[WhiteElo "1795"]
[BlackElo "2299"]
[Annotator "NA"]
[PlyCount "60"]
[EventDate "2017.??.??"]
[EventCountry "LBN"]
[SourceTitle "playchess.com"]
[Source "ChessBase"]
[SourceQuality "1"]
[TimeControl "5400+30"]

1. e4 c5 2. Nf3 d6 3. d4 cxd4 4. Nxd4 Nc6 5. Nc3 a6 6. Be2 e6 7. O-O Be7 8. Be3 Nf6 9. f4 O-O 10. Qe1 Qc7 11. Rc1 Re8 12. Qg3 b5 13. Nxc6 Qxc6 14. e5 Nd5 15. Nxd5 exd5 16. e6 Bxe6 17. f5 Bd7 18. f6 Bxf6 19. Bh6 Bd4+ 20. Kh1 Rxe2 21. c3 Be5 22. Qf3 Be6 23. Qxe2 gxh6 24. Qh5 Kh8 25. Rce1 Rg8 26. Qf3 Qa8 27. Rf2 d4 28. Qxa8 Rxa8 29. Rd2 Bd5 30. b3 dxc3 1/2-1/2

[Event "9th Beirut Open 2017"]
[Site "Beirut"]
[Date "2017.09.30"]
[Round "1"]
[White "Kaloust, Giorgio"]
[Black "Saeed, Riad"]
[Result "0-1"]
[ECO "A00"]
[WhiteElo "1764"]
[BlackElo "1685"]
[Annotator "NA"]
[PlyCount "66"]
[EventDate "2017.??.??"]
[EventCountry "LBN"]
[SourceTitle "playchess.com"]
[Source "ChessBase"]
[SourceQuality "1"]
[TimeControl "5400+30"]

1. d4 d6 2. c4 Nf6 3. Nc3 g6 4. e4 Bg7 5. f4 c5 6. d5 O-O 7. Nf3 a6 8. a4 a5 9. Be2 Ng4 10. h3 Nf6 11. O-O Nh5 12. Qe1 f5 13. Ng5 h6 14. Bxh5 gxh5 15. Nf3 fxe4 16. Qxe4 Bf5 17. Qe2 Qe8 18. Re1 Bf6 19. Nb5 Na6 20. Ra3 Qg6 21. Kh2 Kh7 22. Re3 Rg8 23. Qf2 Rg7 24. b3 Rag8 25. R3e2 Nb4 26. Nh4 Bxh4 27. Qxh4 Nd3 28. Rg1 Nxc1 29. Rxc1 Bd3 30. Rd2 Be4 31. g3 Qxg3+ 32. Qxg3 Rxg3 33. h4 Bf5 0-1

[Event "9th Beirut Open 2017"]
[Site "Beirut"]
[Date "2017.09.30"]
[Round "1"]
[White "Lakhoyan, Hrag"]
[Black "Gevorgyan, Maria"]
[Result "0-1"]
[ECO "A00"]
[WhiteElo "1582"]
[BlackElo "2262"]
[Annotator "NA"]
[PlyCount "108"]
[EventDate "2017.??.??"]
[EventCountry "LBN"]
[SourceTitle "playchess.com"]
[Source "ChessBase"]
[SourceQuality "1"]
[TimeControl "5400+30"]

1. d4 Nf6 2. Bf4 d5 3. e3 Bf5 4. Bd3 Bg6 5. c3 e6 6. Nf3 Nbd7 7. Qc2 c5 8. Nbd2 Rc8 9. Ne5 Nxe5 10. Bxe5 Nd7 11. Bxg6 hxg6 12. Bg3 Qb6 13. Nf3 Be7 14. O-O Nf6 15. Ne5 Qa6 16. a4 b6 17. Qb3 O-O 18. Qb5 Qb7 19. a5 Bd8 20. Nd3 a6 21. Qa4 c4 22. axb6 cxd3 23. Qxa6 Rb8 24. Bxb8 Qxb8 25. Qxd3 Bxb6 26. b3 e5 27. h3 g5 28. Qf5 Bc7 29. b4 Ne4 30. Rac1 g6 31. Qg4 exd4 32. exd4 Bf4 33. Rc2 Rc8 34. g3 Bd2 35. h4 Rxc3 36. Rxc3 Bxc3 37. hxg5 Bxd4 38. Kg2 Qxb4 39. Qc8+ Qf8 40. Qxf8+ Kxf8 41. Rd1 Bxf2 42. Rxd5 Bb6 43. Kf3 Nc5 44. Rd6 Bc7 45. Rc6 Ne6 46. Kg4 Bd8 47. Rc8 Kg7 48. Rc6 Nxg5 49. Kf4 Ne6+ 50. Kg4 Kh6 51. Rd6 Bc7 52. Rc6 Be5 53. Rc4 Ng5 54. Rc2 Ne4 0-1

[Event "9th Beirut Open 2017"]
[Site "Beirut"]
[Date "2017.09.30"]
[Round "1"]
[White "Eid, Wissam"]
[Black "Djikerian, Rafi"]
[Result "0-1"]
[ECO "A00"]
[WhiteElo "1531"]
[BlackElo "1835"]
[Annotator "NA"]
[PlyCount "40"]
[EventDate "2017.??.??"]
[EventCountry "LBN"]
[SourceTitle "playchess.com"]
[Source "ChessBase"]
[SourceQuality "1"]
[TimeControl "5400+30"]

1. e4 c5 2. Nf3 e6 3. d3 Nc6 4. g3 g6 5. Bg2 Bg7 6. O-O Nge7 7. Nc3 O-O 8. h3 Rb8 9. Nh2 b5 10. f4 b4 11. Ne2 Qb6 12. Kh1 d5 13. e5 Nf5 14. g4 Nh4 15. Qe1 Nxg2 16. Kxg2 Ne7 17. Qh4 d4 18. Rf2 f6 19. Nf3 fxe5 20. Qxe7 Bf6 0-1

[Event "9th Beirut Open 2017"]
[Site "Beirut"]
[Date "2017.09.30"]
[Round "1"]
[White "Kassar, Paul"]
[Black "Kassis, Antoine"]
[Result "0-1"]
[ECO "A00"]
[WhiteElo "1480"]
[BlackElo "2130"]
[Annotator "NA"]
[PlyCount "96"]
[EventDate "2017.??.??"]
[EventCountry "LBN"]
[SourceTitle "playchess.com"]
[Source "ChessBase"]
[SourceQuality "1"]
[TimeControl "5400+30"]

1. e4 c5 2. Nf3 Nc6 3. e5 Qc7 4. Qe2 g6 5. c3 Bg7 6. d4 cxd4 7. cxd4 Nxd4 8. Nxd4 Qxc1+ 9. Qd1 Qxb2 10. Nc2 Qxe5+ 11. Be2 Qa5+ 12. Nd2 Bxa1 13. Qxa1 Nf6 14. Qd4 O-O 15. O-O d6 16. Nb4 Be6 17. Ra1 Qe5 18. Qxe5 dxe5 19. a3 Rfd8 20. Nf3 a5 21. Nc2 Rac8 22. Ne3 e4 23. Ng5 Rd2 24. Bd1 Bd7 25. Bb3 e6 26. Nc4 Rd3 27. Rb1 Rxb3 28. Rxb3 Rxc4 29. g3 Bc6 30. Rb1 Rc2 31. Re1 Ng4 32. Nxe4 Bxe4 33. Rxe4 Nxf2 34. Rd4 Nh3+ 35. Kh1 e5 36. Rh4 Nf2+ 37. Kg1 e4 38. Kf1 e3 39. Re4 Nxe4 40. Ke1 Rxh2 41. g4 Ng3 42. Kd1 Rd2+ 43. Ke1 Ra2 44. Kd1 e2+ 45. Ke1 Ra1+ 46. Kf2 e1=Q+ 47. Kf3 Rxa3+ 48. Kf4 Qe3# 0-1

[Event "9th Beirut Open 2017"]
[Site "Beirut"]
[Date "2017.09.30"]
[Round "1"]
[White "Elghazzawi, Omar"]
[Black "Khader, Aram"]
[Result "0-1"]
[ECO "A00"]
[WhiteElo "1332"]
[BlackElo "2101"]
[Annotator "NA"]
[PlyCount "86"]
[EventDate "2017.??.??"]
[EventCountry "LBN"]
[SourceTitle "playchess.com"]
[Source "ChessBase"]
[SourceQuality "1"]
[TimeControl "5400+30"]

1. e4 c5 2. Nf3 e6 3. d4 cxd4 4. Nxd4 a6 5. Nc3 Qc7 6. a3 Nf6 7. Bg5 Be7 8. Be2 h6 9. Be3 Nc6 10. O-O d6 11. Qd2 Bd7 12. Bf3 Ne5 13. Rab1 Nc4 14. Qe1 Rc8 15. h3 b5 16. Bd2 O-O 17. Qe2 Rb8 18. Nd1 Rfc8 19. c3 e5 20. Nc2 d5 21. Be1 dxe4 22. Bxe4 Nd6 23. f3 Ndxe4 24. fxe4 Qc4 25. Qxc4 bxc4 26. Nf2 Bc6 27. Nb4 a5 28. Nxc6 Rxc6 29. Bd2 Rcb6 30. Nd1 Bc5+ 31. Kh2 Nxe4 32. Be3 Bxe3 33. Nxe3 Nd2 34. Rbd1 Nxf1+ 35. Rxf1 Rxb2 36. Nxc4 Rc2 37. Nxe5 Rbb2 38. Rg1 Rxc3 39. Rf1 Rcc2 40. Rg1 Ra2 41. h4 Rxa3 42. h5 Rc5 43. Re1 f6 0-1

[Event "9th Beirut Open 2017"]
[Site "Beirut"]
[Date "2017.09.30"]
[Round "1"]
[White "Badieh, Mahmoud"]
[Black "Asmar, Elie"]
[Result "0-1"]
[ECO "A00"]
[WhiteElo "1262"]
[BlackElo "2061"]
[Annotator "NA"]
[PlyCount "94"]
[EventDate "2017.??.??"]
[EventCountry "LBN"]
[SourceTitle "playchess.com"]
[Source "ChessBase"]
[SourceQuality "1"]
[TimeControl "5400+30"]

1. d4 Nf6 2. Nf3 d5 3. e3 Bf5 4. c4 c6 5. Nc3 e6 6. cxd5 exd5 7. Bd3 Bg4 8. h3 Bh5 9. Be2 Nbd7 10. Ng5 Bxe2 11. Qxe2 h6 12. Nf3 Bd6 13. Bd2 O-O 14. O-O Re8 15. Rac1 Ne4 16. Rfe1 Ndf6 17. Nh4 Nxc3 18. Bxc3 Ne4 19. Nf3 Re6 20. Nd2 Qh4 21. Nxe4 Qxe4 22. Qg4 Qxg4 23. hxg4 Rae8 24. Re2 Re4 25. f3 Rxe3 26. Rxe3 Rxe3 27. Re1 Rxe1+ 28. Bxe1 Kf8 29. Kf2 Ke7 30. Ke3 c5 31. dxc5 Bxc5+ 32. Kd3 Ke6 33. f4 f5 34. gxf5+ Kxf5 35. g3 g6 36. a3 h5 37. b4 Bg1 38. a4 a6 39. a5 Ba7 40. Ke2 Ke4 41. Bc3 d4 42. Be1 d3+ 43. Kd2 Be3+ 44. Kd1 Kf3 45. Bd2 Bxd2 46. Kxd2 Kxg3 47. Kxd3 h4 0-1

[Event "9th Beirut Open 2017"]
[Site "Beirut"]
[Date "2017.10.01"]
[Round "2"]
[White "Gevorgyan, Maria"]
[Black "Said, Riad"]
[Result "1-0"]
[ECO "A00"]
[WhiteElo "2262"]
[BlackElo "1793"]
[Annotator "NA"]
[PlyCount "92"]
[EventDate "2017.??.??"]
[EventCountry "LBN"]
[SourceTitle "playchess.com"]
[Source "ChessBase"]
[SourceQuality "1"]
[TimeControl "5400+30"]

1. e4 c5 2. Nc3 g6 3. d4 cxd4 4. Qxd4 Nf6 5. Bb5 Bg7 6. e5 Ng8 7. Bf4 Nc6 8. Qe3 h5 9. O-O-O Nh6 10. h3 Nf5 11. Qe4 Qa5 12. Nf3 a6 13. Bxc6 dxc6 14. Nd2 Qb6 15. g4 hxg4 16. hxg4 Nh6 17. Nc4 Qxf2 18. Be3 f5 19. Qd3 Qf3 20. Nb6 Rb8 21. Nxc8 Rxc8 22. Qd7+ Kf7 23. e6+ Kg8 24. Bxh6 Bxh6+ 25. Rxh6 Rxh6 26. Qxc8+ Kg7 27. Qe8 Qe3+ 28. Kb1 Qxe6 29. gxf5 gxf5 30. Rg1+ Rg6 31. Rxg6+ Qxg6 32. Qxe7+ Kh6 33. b3 b5 34. Ne2 Qg4 35. Qe3+ Kh5 36. Nf4+ Kh4 37. Nd3 Qe4 38. Qf2+ Kg5 39. Qg3+ Qg4 40. Qe3+ f4 41. Qe7+ Kh5 42. Qf6 Qg5 43. Nxf4+ Kg4 44. Qxg5+ Kxg5 45. Nd3 Kf5 46. Nb4 c5 1-0

[Event "9th Beirut Open 2017"]
[Site "Beirut"]
[Date "2017.10.01"]
[Round "2"]
[White "Najjar, Ahmad"]
[Black "Moughames, Ronald"]
[Result "1-0"]
[ECO "A48"]
[WhiteElo "2242"]
[BlackElo "1769"]
[Annotator "NA"]
[PlyCount "63"]
[EventDate "2017.??.??"]
[EventCountry "LBN"]
[SourceTitle "playchess.com"]
[Source "ChessBase"]
[SourceQuality "1"]
[TimeControl "5400+30"]

1. d4 Nf6 2. Nf3 g6 3. Bf4 Bg7 4. e3 O-O 5. Be2 c5 6. c3 cxd4 7. cxd4 d5 8. O-O Nc6 9. Nc3 Nh5 10. Bg3 h6 11. Bh4 Bg4 12. Qb3 g5 13. Bg3 Nxg3 14. hxg3 e5 15. dxe5 Bxf3 16. Bxf3 d4 17. exd4 Nxd4 18. Qxb7 Nxf3+ 19. Qxf3 Bxe5 20. Rad1 Qf6 21. Rd3 Rab8 22. b3 Rfd8 23. Nd5 Qxf3 24. gxf3 Kf8 25. Rfd1 Rb5 26. Kg2 Rc5 27. Ne3 Rxd3 28. Rxd3 Bc7 29. b4 Rc1 30. a4 Rb1 31. b5 Rb4 32. Nd5 1-0

[Event "9th Beirut Open 2017"]
[Site "Beirut"]
[Date "2017.10.01"]
[Round "2"]
[White "El Jawich, Amro"]
[Black "Jabr, Bernard"]
[Result "1-0"]
[ECO "B01"]
[WhiteElo "2230"]
[BlackElo "1721"]
[Annotator "NA"]
[PlyCount "35"]
[EventDate "2017.??.??"]
[EventCountry "LBN"]
[SourceTitle "playchess.com"]
[Source "ChessBase"]
[SourceQuality "1"]
[TimeControl "5400+30"]

1. e4 d5 2. exd5 Nf6 3. d4 c6 4. dxc6 Qc7 5. Nf3 Nxc6 6. Be2 Bg4 7. c3 O-O-O 8. Na3 e5 9. Nb5 Qd7 10. dxe5 Qe6 11. Nbd4 Nxd4 12. cxd4 Bxf3 13. Bxf3 Bb4+ 14. Kf1 Qc4+ 15. Qe2 Qxd4 16. exf6 Rhe8 17. Be3 Qxf6 18. Qc4+ 1-0

[Event "9th Beirut Open 2017"]
[Site "Beirut"]
[Date "2017.10.01"]
[Round "2"]
[White "Kassis, Antoine"]
[Black "Fawaz, Kassem"]
[Result "1-0"]
[ECO "A00"]
[WhiteElo "2130"]
[BlackElo "1719"]
[Annotator "NA"]
[PlyCount "101"]
[EventDate "2017.??.??"]
[EventCountry "LBN"]
[SourceTitle "playchess.com"]
[Source "ChessBase"]
[SourceQuality "1"]
[TimeControl "5400+30"]

1. e4 e5 2. Nc3 Nf6 3. f4 Nc6 4. fxe5 Nxe5 5. d4 Nc6 6. e5 Ng8 7. Nf3 d6 8. Bc4 dxe5 9. O-O f5 10. Nxe5 Nxe5 11. Re1 Bd6 12. Bf4 Bd7 13. Bxe5 Bxe5 14. Rxe5+ Kf8 15. Qf3 c6 16. Rae1 Qf6 17. Qe3 g6 18. d5 Qd6 19. dxc6 bxc6 20. Rd1 Qc7 21. Qc5+ Kg7 22. Qd4 Qb6 23. Qxb6 axb6 24. Rxd7+ Kh6 25. Bxg8 Rhxg8 26. Ree7 Rh8 27. a3 Rae8 28. Kf2 Rxe7 29. Rxe7 Rd8 30. Ke2 b5 31. Re6 Rc8 32. Ke3 Kg5 33. Ne2 c5 34. Rb6 b4 35. axb4 cxb4 36. Nd4 f4+ 37. Kd3 Kg4 38. Rxb4 Rd8 39. c4 h5 40. c5 h4 41. Ke2 Re8+ 42. Kf2 h3 43. gxh3+ Kxh3 44. Nf3 Kg4 45. Rb6 Kh5 46. c6 g5 47. Rb5 Rc8 48. Rxg5+ Kh6 49. Rc5 Rb8 50. Rc2 Kh5 51. c7 1-0

[Event "9th Beirut Open 2017"]
[Site "Beirut"]
[Date "2017.10.01"]
[Round "2"]
[White "Khader, Aram"]
[Black "Fakoua, Khalil"]
[Result "1-0"]
[ECO "A00"]
[WhiteElo "2101"]
[BlackElo "1383"]
[Annotator "NA"]
[PlyCount "65"]
[EventDate "2017.??.??"]
[EventCountry "LBN"]
[SourceTitle "playchess.com"]
[Source "ChessBase"]
[SourceQuality "1"]
[TimeControl "5400+30"]

1. e4 c5 2. Nf3 d6 3. d4 cxd4 4. Nxd4 Nf6 5. Nc3 g6 6. Be3 Bg7 7. f3 O-O 8. Qd2 Nc6 9. O-O-O Re8 10. g4 Ne5 11. h4 Qa5 12. Kb1 Nfd7 13. Be2 Nb6 14. Nb3 Nec4 15. Nxa5 Nxd2+ 16. Rxd2 Nd7 17. Nd5 Rd8 18. Nxe7+ Kh8 19. h5 Re8 20. Nd5 Nc5 21. Nc7 Be6 22. Nxa8 Rxa8 23. Bxc5 dxc5 24. hxg6 fxg6 25. Nxb7 Rb8 26. Rd8+ Rxd8 27. Nxd8 Bd7 28. Nf7+ Kg8 29. Bc4 Kf8 30. Rxh7 Bd4 31. Nd6 Bg7 32. e5 Bc6 33. f4 1-0

[Event "9th Beirut Open 2017"]
[Site "Beirut"]
[Date "2017.10.01"]
[Round "2"]
[White "Ghassan, Houmsi"]
[Black "Ibrahim, Hatim"]
[Result "0-1"]
[ECO "B34"]
[WhiteElo "1841"]
[BlackElo "2331"]
[Annotator "NA"]
[PlyCount "73"]
[EventDate "2017.??.??"]
[EventCountry "LBN"]
[SourceTitle "playchess.com"]
[Source "ChessBase"]
[SourceQuality "1"]
[TimeControl "5400+30"]

1. e4 c5 2. Nf3 Nc6 3. d4 cxd4 4. Nxd4 g6 5. Nc3 Bg7 6. Be3 Nf6 7. Be2 O-O 8. O-O d5 9. exd5 Nxd5 10. Nxd5 Qxd5 11. Bf3 Qa5 12. c3 Nxd4 13. Bxd4 Rd8 14. Qe2 Bxd4 15. cxd4 Be6 16. Rfd1 Rd7 17. d5 Bxd5 18. Bxd5 Rxd5 19. Rxd5 Qxd5 20. Qxe7 Rc8 21. a3 Qa2 22. Rd1 Qxb2 23. h3 Rc1 24. Rxc1 Qxc1+ 25. Kh2 Qb2 26. f3 Kg7 27. Kg3 a5 28. a4 b5 29. axb5 Qxb5 30. Qd6 Qb2 31. Qf4 Qa1 32. h4 h6 33. Kh3 a4 34. g4 a3 35. Qe3 a2 36. f4 Qf1+ 37. Kg3 0-1

[Event "9th Beirut Open 2017"]
[Site "Beirut"]
[Date "2017.10.01"]
[Round "2"]
[White "Djikerian, Rafi"]
[Black "Khairallah, Faisal"]
[Result "0-1"]
[ECO "A00"]
[WhiteElo "1835"]
[BlackElo "2274"]
[Annotator "NA"]
[PlyCount "84"]
[EventDate "2017.??.??"]
[EventCountry "LBN"]
[SourceTitle "playchess.com"]
[Source "ChessBase"]
[SourceQuality "1"]
[TimeControl "5400+30"]

1. d4 Nf6 2. g3 e6 3. Bg2 c5 4. c3 d5 5. Nf3 Nc6 6. O-O Bd6 7. dxc5 Bxc5 8. b4 Be7 9. a4 O-O 10. b5 Na5 11. Nd4 e5 12. Nb3 Nxb3 13. Qxb3 Be6 14. Ba3 Rc8 15. Nd2 Re8 16. Rfd1 Qa5 17. Rac1 a6 18. Bb4 Qb6 19. bxa6 Qxa6 20. Qa3 Bxb4 21. Qxb4 Qxe2 22. Bf1 Qh5 23. Re1 Rb8 24. Bg2 Bh3 25. Bf3 Qh6 26. Nf1 e4 27. Bg2 Bxg2 28. Kxg2 Qh5 29. Rcd1 Qf3+ 30. Kg1 Ng4 31. Rd2 Re6 32. Qd4 Nf6 33. Ne3 Rbe8 34. Ng2 g5 35. Re3 Qh5 36. h4 h6 37. Qb4 b6 38. Qb5 Qg6 39. c4 dxc4 40. Qxc4 Ng4 41. Re1 Ne5 42. Re3 Nxc4 0-1